| TOP OF THE 1ST |
|
Williamsport Crosscutters batting - Pitching for Brooklyn Cyclones : RHP David Mejia
|
|
Pitching: RHP David Mejia
|
|
|
Batting: LHB Chris Moody
|
0-0: Called Strike 0-1: Called Strike 0-2: Foul Ball, location: 2F 0-2: Ball 1-2: Ball 2-2: Foul Ball, location: 2F 2-2: SINGLE (Line Drive, 4D, EV 106.9 MPH)
|
|
Batting: RHB Jason Ostrom
|
0-0: Called Strike 0-1: Ball 1-1: Foul Ball, location: 2F 1-2: Ball 2-2: Ball 3-2: Base on Balls Chris Moody to second
|
|
Pitching: RHP Gwidon Kaminski
|
|
|
Batting: RHB John Manocchio
|
0-0: Ball Chris Moody steals 3rd base Jason Ostrom to second 1-0: Fly out, F4 (Popup, 34, EV 78.8 MPH)
|
|
Batting: RHB John Parra
|
0-0: Called Strike 0-1: Ball 1-1: Called Strike 1-2: Ball 2-2: Strikes out looking
|
|
Batting: RHB Xavier Castellanos
|
0-0: Ball 1-0: Ball 2-0: Ball Wild Pitch! Chris Moody scores Jason Ostrom to third 3-0: Called Strike 3-1: Foul Ball, location: 2F 3-2: Ground out U3 (Groundball, 3L, EV 91.2 MPH)
|
| Top of the 1st over - 1 run, 1 hit, 0 errors, 1 left on base; Williamsport 1 - Brooklyn 0 |
| BOTTOM OF THE 1ST |
|
Brooklyn Cyclones batting - Pitching for Williamsport Crosscutters : RHP Chris Leavitt
|
|
Pitching: RHP Chris Leavitt
|
|
|
Batting: SHB Callum Lynch
|
0-0: Called Strike 0-1: Ball 1-1: Foul Ball, location: 2F 1-2: Strikes out looking
|
|
Batting: RHB Jack Nickleberry
|
0-0: Called Strike 0-1: Swinging Strike 0-2: Ball 1-2: Strikes out swinging
|
|
Batting: RHB Jake Geib
|
0-0: Ball 1-0: Ball 2-0: Ball 3-0: Called Strike 3-1: Fly out, F9 (Flyball, 9, EV 88.1 MPH)
|
| Bottom of the 1st over - 0 runs, 0 hits, 0 errors, 0 left on base; Williamsport 1 - Brooklyn 0 |
| TOP OF THE 2ND |
|
Williamsport Crosscutters batting - Pitching for Brooklyn Cyclones : RHP Gwidon Kaminski
|
|
Batting: RHB Shintaro Katsumata
|
0-0: Swinging Strike 0-1: SINGLE (Flyball, 8LS, EV 93.8 MPH)
|
|
Batting: RHB Nick Cottrell
|
0-0: Foul Ball, location: 2F 0-1: Swinging Strike 0-2: Fielders Choice at 2nd, 5-4 (Groundball, 56, EV 101.9 MPH)
|
|
Batting: RHB Salvador Avina
|
0-0: Ball 1-0: Ball 2-0: Reached on error, E4 (Groundball, 4, EV 86.2 MPH) Nick Cottrell to second
|
|
Batting: RHB Bill Williams
|
0-0: Fly out, F8 (Flyball, 8LD, EV 92.5 MPH) Runner from 2nd tags up, SAFE at 3rd with throw by CF
|
|
Batting: LHB Chris Moody
|
0-0: Called Strike Balk! Nick Cottrell scores Salvador Avina to second 0-1: SINGLE (Flyball, 9S, EV 90.6 MPH) Salvador Avina to third Runner from 3rd tries for Home, SAFE, throw by RF to home
|
|
Batting: RHB Jason Ostrom
|
0-0: Ball 1-0: Ball Wild Pitch! Chris Moody to second 2-0: Fly out, F7 (Flyball, 78M, EV 92.5 MPH)
|
| Top of the 2nd over - 2 runs, 2 hits, 1 error, 1 left on base; Williamsport 3 - Brooklyn 0 |
| BOTTOM OF THE 2ND |
|
Brooklyn Cyclones batting - Pitching for Williamsport Crosscutters : RHP Chris Leavitt
|
|
Batting: LHB Miguel Ramos
|
0-0: Called Strike 0-1: Fly out, F6 (Popup, 6, EV 59.4 MPH)
|
|
Batting: RHB Matt Tittle
|
0-0: Ball 1-0: Foul Ball, location: 2F 1-1: Foul Ball, location: 2F 1-2: Strikes out swinging
|
|
Batting: RHB Tom Primmer
|
0-0: Ball 1-0: Ball 2-0: Ball 3-0: Base on Balls
|
|
Batting: RHB Chris Pynn
|
0-0: Ball 1-0: Called Strike Tom Primmer is caught stealing 2nd base 2-4
|
| Bottom of the 2nd over - 0 runs, 0 hits, 0 errors, 0 left on base; Williamsport 3 - Brooklyn 0 |
| TOP OF THE 3RD |
|
Williamsport Crosscutters batting - Pitching for Brooklyn Cyclones : RHP Gwidon Kaminski
|
|
Batting: RHB John Manocchio
|
0-0: Ball 1-0: Swinging Strike 1-1: Ball 2-1: Called Strike 2-2: Foul Ball, location: 2F 2-2: Strikes out swinging
|
|
Batting: RHB John Parra
|
0-0: Called Strike 0-1: Ball 1-1: Ball 2-1: Foul Ball, location: 2F 2-2: Ball 3-2: Foul Ball, location: 2F 3-2: Strikes out swinging, 2-3 out at first.
|
|
Pitching: RHP Felipe Hinojosa
|
|
|
Batting: RHB Xavier Castellanos
|
0-0: Ball 1-0: Called Strike 1-1: Foul Ball, location: 2F 1-2: Strikes out swinging
|
| Top of the 3rd over - 0 runs, 0 hits, 0 errors, 0 left on base; Williamsport 3 - Brooklyn 0 |
| BOTTOM OF THE 3RD |
|
Brooklyn Cyclones batting - Pitching for Williamsport Crosscutters : RHP Chris Leavitt
|
|
Batting: RHB Chris Pynn
|
0-0: Ground out 6-3 (Groundball, 56, EV 100.0 MPH)
|
|
Batting: SHB Duri Chilemba
|
0-0: Called Strike 0-1: Called Strike 0-2: Ball 1-2: Ball 2-2: Strikes out looking
|
|
Batting: RHB Roberto Delgado
|
0-0: Ball 1-0: Ball 2-0: Swinging Strike 2-1: Ball 3-1: Foul Ball, location: 2F 3-2: Strikes out looking
|
| Bottom of the 3rd over - 0 runs, 0 hits, 0 errors, 0 left on base; Williamsport 3 - Brooklyn 0 |
| TOP OF THE 4TH |
|
Williamsport Crosscutters batting - Pitching for Brooklyn Cyclones : RHP Felipe Hinojosa
|
|
Batting: RHB Shintaro Katsumata
|
0-0: Swinging Strike 0-1: Ground out 6-3 (Groundball, 6, EV 76.9 MPH)
|
|
Batting: RHB Nick Cottrell
|
0-0: Called Strike 0-1: Ball 1-1: Foul Ball, location: 2F 1-2: Foul Ball, location: 2F 1-2: Ground out 5-3 (Groundball, 5, EV 89.4 MPH)
|
|
Batting: RHB Salvador Avina
|
0-0: Ball 1-0: Called Strike 1-1: Ball 2-1: Foul Ball, location: 2F 2-2: Ground out 3-1 (Groundball, 34, EV 88.8 MPH)
|
| Top of the 4th over - 0 runs, 0 hits, 0 errors, 0 left on base; Williamsport 3 - Brooklyn 0 |
| BOTTOM OF THE 4TH |
|
Brooklyn Cyclones batting - Pitching for Williamsport Crosscutters : RHP Chris Leavitt
|
|
Batting: SHB Callum Lynch
|
0-0: Ball 1-0: Ball 2-0: Swinging Strike 2-1: Swinging Strike 2-2: Strikes out swinging
|
|
Batting: RHB Jack Nickleberry
|
0-0: Ball 1-0: Ball 2-0: Ball 3-0: Called Strike 3-1: Fly out, F9 (Flyball, 9, EV 74.4 MPH)
|
|
Batting: RHB Jake Geib
|
0-0: Foul Ball, location: 2F 0-1: Called Strike 0-2: Foul Ball, location: 2F 0-2: Strikes out looking
|
| Bottom of the 4th over - 0 runs, 0 hits, 0 errors, 0 left on base; Williamsport 3 - Brooklyn 0 |
| TOP OF THE 5TH |
|
Williamsport Crosscutters batting - Pitching for Brooklyn Cyclones : RHP Felipe Hinojosa
|
|
Batting: RHB Bill Williams
|
0-0: Fly out, F6 (Line Drive, 6D, EV 66.2 MPH)
|
|
Batting: LHB Chris Moody
|
0-0: Ball 1-0: SINGLE (Groundball, 34D, EV 98.8 MPH)
|
|
Batting: RHB Jason Ostrom
|
0-0: Ball 1-0: Called Strike 1-1: Ball Chris Moody is caught stealing 2nd base 2-4 2-1: Fly out, F8 (Flyball, 8LXD, EV 94.4 MPH)
|
| Top of the 5th over - 0 runs, 1 hit, 0 errors, 0 left on base; Williamsport 3 - Brooklyn 0 |
| BOTTOM OF THE 5TH |
|
Brooklyn Cyclones batting - Pitching for Williamsport Crosscutters : RHP Chris Leavitt
|
|
Batting: LHB Miguel Ramos
|
0-0: Ball 1-0: Ball 2-0: Ball 3-0: Called Strike 3-1: Foul Ball, location: 2F 3-2: Base on Balls
|
|
Batting: RHB Matt Tittle
|
0-0: Called Strike 0-1: Ball 1-1: Foul Ball, location: 2F 1-2: Strikes out swinging
|
|
Batting: RHB Tom Primmer
|
0-0: Called Strike 0-1: Foul Ball, location: 2F 0-2: Ball 1-2: Ball 2-2: Foul Ball, location: 2F 2-2: Ball 3-2: Grounds into double play, 4-6-3 (Groundball, 4, EV 100.0 MPH)
|
| Bottom of the 5th over - 0 runs, 0 hits, 0 errors, 0 left on base; Williamsport 3 - Brooklyn 0 |
| TOP OF THE 6TH |
|
Williamsport Crosscutters batting - Pitching for Brooklyn Cyclones : RHP Felipe Hinojosa
|
|
Batting: RHB John Manocchio
|
0-0: Swinging Strike 0-1: Ball 1-1: Foul Ball, location: 2F 1-2: Ball 2-2: Fly out, F9 (Flyball, 9S, EV 88.8 MPH)
|
|
Batting: RHB John Parra
|
0-0: Ball 1-0: Foul Ball, location: 2F 1-1: Foul Ball, location: 2F 1-2: Ball 2-2: Foul Ball, location: 2F 2-2: Foul Ball, location: 2F 2-2: Foul Ball, location: 2F 2-2: Fly out, F5 (Popup, 5SF, EV 72.5 MPH)
|
|
Pitching: LHP Jose Diaz
|
|
|
Batting: RHB Xavier Castellanos
|
0-0: Ball 1-0: Called Strike 1-1: Foul Ball, location: 2F 1-2: Ball 2-2: Strikes out swinging
|
| Top of the 6th over - 0 runs, 0 hits, 0 errors, 0 left on base; Williamsport 3 - Brooklyn 0 |
| BOTTOM OF THE 6TH |
|
Brooklyn Cyclones batting - Pitching for Williamsport Crosscutters : RHP Chris Leavitt
|
|
Batting: RHB Chris Pynn
|
0-0: Ball 1-0: Foul Ball, location: 2F 1-1: Ball 2-1: DOUBLE (Line Drive, 5D, EV 108.8 MPH)
|
|
Batting: SHB Duri Chilemba
|
0-0: Called Strike 0-1: Ball 1-1: Fly out, F8 (Flyball, 8RD, EV 93.8 MPH)
|
|
Batting: RHB Roberto Delgado
|
0-0: Swinging Strike 0-1: Ground out 6-3 (Groundball, P, EV 93.1 MPH) Chris Pynn to third
|
|
Batting: SHB Callum Lynch
|
0-0: Foul Ball, location: 2F 0-1: Ball 1-1: Called Strike 1-2: Foul Ball, location: 2F 1-2: Foul Ball, location: 2F 1-2: Strikes out swinging
|
| Bottom of the 6th over - 0 runs, 1 hit, 0 errors, 1 left on base; Williamsport 3 - Brooklyn 0 |
| TOP OF THE 7TH |
|
Williamsport Crosscutters batting - Pitching for Brooklyn Cyclones : LHP Jose Diaz
|
|
Batting: RHB Shintaro Katsumata
|
0-0: Called Strike 0-1: Foul Ball, location: 2F 0-2: Ball 1-2: DOUBLE (Line Drive, 89D, EV 104.4 MPH)
|
|
Batting: RHB Nick Cottrell
|
0-0: Ground out 4-3 (Groundball, 34, EV 86.9 MPH) Shintaro Katsumata to third
|
|
Batting: RHB Salvador Avina
|
0-0: Ball 1-0: Ground out 4-3 (Groundball, 4, EV 92.5 MPH)
|
|
Batting: RHB Bill Williams
|
0-0: Called Strike 0-1: Ball 1-1: Swinging Strike 1-2: Foul Ball, location: 2F 1-2: Ball 2-2: Ball 3-2: Base on Balls
|
|
Batting: LHB Chris Moody
|
0-0: Ball 1-0: Ball 2-0: Ball 3-0: Called Strike 3-1: Base on Balls Bill Williams to second
|
|
Batting: RHB Jason Ostrom
|
0-0: Ball 1-0: Ball 2-0: Called Strike 2-1: Ball 3-1: Called Strike 3-2: Foul Ball, location: 2F 3-2: Strikes out looking
|
| Top of the 7th over - 0 runs, 1 hit, 0 errors, 3 left on base; Williamsport 3 - Brooklyn 0 |
| BOTTOM OF THE 7TH |
|
Brooklyn Cyclones batting - Pitching for Williamsport Crosscutters : RHP Chris Leavitt
|
|
Batting: RHB Jack Nickleberry
|
0-0: Called Strike 0-1: Ground out 3-1 (Groundball, 34S, EV 86.2 MPH)
|
|
Batting: RHB Jake Geib
|
0-0: Ball 1-0: Called Strike 1-1: Ball 2-1: Ball 3-1: Base on Balls
|
|
Batting: LHB Miguel Ramos
|
0-0: Ball 1-0: Ball 2-0: Ball Jake Geib steals 2nd base 3-0: Base on Balls
|
|
Pitching: RHP Si-dao Xia
|
|
|
Batting: RHB Matt Tittle
|
0-0: Fielders Choice at 2nd, 3-6 (Groundball, 3, EV 94.4 MPH) Jake Geib to third
|
|
Pinch Hitting: LHB Brian Levensailor
|
0-0: Fielders Choice at 2nd, 6-4 (Groundball, 56, EV 81.9 MPH)
|
| Bottom of the 7th over - 0 runs, 0 hits, 0 errors, 2 left on base; Williamsport 3 - Brooklyn 0 |
| TOP OF THE 8TH |
|
Williamsport Crosscutters batting - Pitching for Brooklyn Cyclones : LHP Jose Diaz
|
|
Now in LF: Ryan Brown
|
|
|
Batting: RHB John Manocchio
|
0-0: Hit by Pitch
|
|
Batting: RHB John Parra
|
0-0: Ball 1-0: Ball 2-0: Foul Ball, location: 2F 2-1: Foul Ball, location: 2F 2-2: Ground out 5-3 (Groundball, 56S, EV 70.0 MPH) John Manocchio to second
|
|
Batting: RHB Xavier Castellanos
|
0-0: Intentional Walk
|
|
Batting: RHB Shintaro Katsumata
|
0-0: Foul Ball, location: 2F 0-1: Ball Wild Pitch! John Manocchio to third Xavier Castellanos to second 1-1: Intentional Walk
|
|
Batting: RHB Nick Cottrell
|
0-0: Ball Balk! John Manocchio scores Xavier Castellanos to third Shintaro Katsumata to second 1-0: Foul Ball, location: 2F 1-1: SINGLE (Groundball, 6D, EV 105.0 MPH) Xavier Castellanos scores Shintaro Katsumata to third Runner from 3rd tries for Home, SAFE, throw by CF to home
|
|
Batting: RHB Salvador Avina
|
0-0: Ball Wild Pitch! Nick Cottrell to second 1-0: Ball 2-0: Ball Wild Pitch! Nick Cottrell to third 3-0: Base on Balls
|
|
Batting: RHB Bill Williams
|
0-0: SINGLE (Flyball, 56D, EV 88.8 MPH) Nick Cottrell scores Salvador Avina to second
|
|
Pinch Hitting: SHB Art Kent
|
0-0: Ball 1-0: Ball 2-0: Ball 3-0: SINGLE (Groundball, 6D, EV 98.1 MPH) Salvador Avina to third Bill Williams to second
|
|
Pitching: RHP Leo Burgos
|
|
|
Batting: RHB Jason Ostrom
|
0-0: Fielders Choice at 2nd, 5-4 (Groundball, 5, EV 79.4 MPH) Salvador Avina scores Bill Williams to third
|
|
Batting: RHB John Manocchio
|
0-0: Ball 1-0: Foul Ball, location: 2F 1-1: DOUBLE (Flyball, 8LXD, EV 96.9 MPH) Bill Williams scores Jason Ostrom to third Runner from 3rd tries for Home, throw by CF and OUT! 8-6-2
|
| Top of the 8th over - 6 runs, 4 hits, 0 errors, 1 left on base; Williamsport 9 - Brooklyn 0 |
| BOTTOM OF THE 8TH |
|
Brooklyn Cyclones batting - Pitching for Williamsport Crosscutters : RHP Si-dao Xia
|
|
Now in CF: Jason Ostrom
|
|
|
Now in RF: Art Kent
|
|
|
Batting: RHB Chris Pynn
|
0-0: Called Strike 0-1: Called Strike 0-2: Ball 1-2: Ground out 6-3 (Groundball, 6, EV 81.9 MPH)
|
|
Pinch Hitting: RHB Jayden Copeland
|
0-0: Ball 1-0: Swinging Strike 1-1: Fly out, F8 (Line Drive, 8LS, EV 104.4 MPH)
|
|
Batting: RHB Roberto Delgado
|
0-0: Ball 1-0: Foul Ball, location: 2F 1-1: Ball 2-1: Ground out 6-3 (Groundball, 6M, EV 102.5 MPH)
|
| Bottom of the 8th over - 0 runs, 0 hits, 0 errors, 0 left on base; Williamsport 9 - Brooklyn 0 |
| TOP OF THE 9TH |
|
Williamsport Crosscutters batting - Pitching for Brooklyn Cyclones : RHP Leo Burgos
|
|
Now at 3B: Trent Hood
|
|
|
Batting: RHB John Parra
|
0-0: Ball 1-0: Ball 2-0: Ball 3-0: Called Strike 3-1: Foul Ball, location: 2F 3-2: Base on Balls
|
|
Pinch Hitting: RHB Gavin Helton
|
0-0: Ball 1-0: Called Strike 1-1: Foul Ball, location: 2F 1-2: Strikes out swinging
|
|
Batting: RHB Shintaro Katsumata
|
0-0: Ball 1-0: Called Strike 1-1: Foul Ball, location: 2F 1-2: Strikes out swinging
|
|
Batting: RHB Nick Cottrell
|
0-0: Swinging Strike 0-1: Foul Ball, location: 2F 0-2: Strikes out swinging
|
| Top of the 9th over - 0 runs, 0 hits, 0 errors, 1 left on base; Williamsport 9 - Brooklyn 0 |
| BOTTOM OF THE 9TH |
|
Brooklyn Cyclones batting - Pitching for Williamsport Crosscutters : RHP Si-dao Xia
|
|
Now in LF: Gavin Helton
|
|
|
Batting: SHB Callum Lynch
|
0-0: Foul Ball, location: 2F 0-1: Fly out, F2 (Popup, 23F, EV 87.5 MPH)
|
|
Batting: RHB Jack Nickleberry
|
0-0: Ball 1-0: Foul Ball, location: 2F 1-1: Called Strike 1-2: Ball 2-2: Foul Ball, location: 2F 2-2: Ball 3-2: Foul Ball, location: 2F 3-2: TRIPLE (Line Drive, 78XD, EV 103.8 MPH)
|
|
Batting: RHB Jake Geib
|
0-0: Called Strike 0-1: Swinging Strike 0-2: Ball 1-2: Foul Ball, location: 2F 1-2: Foul Ball, location: 2F 1-2: Strikes out looking
|
|
Pinch Hitting: RHB Danny Barajas
|
0-0: Called Strike 0-1: Ball 1-1: Ball 2-1: Foul Ball, location: 2F 2-2: Ball 3-2: Base on Balls
|
|
Pinch Hitting: SHB Salvador Gomez
|
0-0: Foul Ball, location: 2F 0-1: Swinging Strike 0-2: Strikes out swinging
|
| Bottom of the 9th over - 0 runs, 1 hit, 0 errors, 2 left on base; Williamsport 9 - Brooklyn 0 |
|